 Dungeon Crawl Stone Soup version 0.27-a0-203-gd48b2df3c9 (webtiles) character file.

Game seed: 12529028599997680372

25 iamserjio the Skirmisher (level 3, 8/35 HPs)
             Began as a Gnoll Abyssal Knight on Jan 30, 2021.
             Was an Initiate of Lugonu.
             Quit the game on level 2 of the Dungeon.
             The game lasted 00:01:28 (167 turns).

iamserjio the Skirmisher (Gnoll Abyssal Knight)      Turns: 167, Time: 00:01:29

Health: 8/35       AC:  3    Str: 11    XL:     3   Next: 6%
Magic:  6/6        EV: 12    Int: 12    God:    Lugonu [......]
Gold:   36         SH:  0    Dex: 11    Spells: 3/3 levels left

rFire    . . .     SeeInvis .   g - -3 mace (curse)
rCold    . . .     Faith    .   (no shield)
rNeg     . . .     Spirit   .   b - +0 leather armour
rPois    .         Reflect  .   (no helmet)
rElec    .         Harm     .   (no cloak)
rCorr    .         Rampage  .   (no gloves)
Will     .....                  (no boots)
Stlth    +.........             (no amulet)
HPRegen  0.11/turn              (no ring)
MPRegen  0.10/turn              (no ring)

@: no status effects
A: distributed training, fangs 1, strong nose
a: Renounce Religion


You were on level 2 of the Dungeon.
You worshipped Lugonu.
Lugonu was noncommittal.
You visited 1 branch of the dungeon, and saw 2 of its levels.
You visited the Abyss 1 time.

You collected 36 gold pieces.

Inventory:

Hand Weapons
 a - a +1 hand axe
 e - a +0 dagger
 g - a cursed -3 mace (weapon)
Armour
 b - a +0 leather armour (worn)
 f - a +0 ring mail
Miscellaneous
 d - a lightning rod (inert)


   Skills:
 + Level 6.5 Fighting
 + Level 0.6 Short Blades
 + Level 0.6 Long Blades
 + Level 4.5 Axes
 + Level 0.6 Maces & Flails
 + Level 0.6 Polearms
 + Level 0.6 Staves
 + Level 0.6 Slings
 + Level 0.6 Bows
 + Level 0.6 Crossbows
 + Level 0.6 Throwing
 + Level 4.5 Armour
 + Level 2.5 Dodging
 + Level 0.6 Stealth
 + Level 0.6 Shields
 + Level 0.6 Unarmed Combat
 + Level 0.6 Spellcasting
 + Level 0.4 Conjurations
 + Level 0.4 Hexes
 + Level 0.4 Summonings
 + Level 0.4 Necromancy
 + Level 0.4 Translocations
 + Level 0.4 Transmutations
 + Level 0.4 Fire Magic
 + Level 0.4 Ice Magic
 + Level 0.4 Air Magic
 + Level 0.4 Earth Magic
 + Level 0.4 Poison Magic
 + Level 4.5 Invocations
 + Level 0.6 Evocations


You had 3 spell levels left.
You didn't know any spells.
Your spell library was empty.

Dungeon Overview and Level Annotations

Branches:
Dungeon (2/15)

Altars:
Okawaru


Innate Abilities, Weirdness & Mutations

Your experience applies equally to all skills.
You have very sharp teeth.
Your uncanny sense of smell can sniff out nearby items.


Message History

Found a glowing mace, a falchion and 17 gold pieces.
You see here a glowing mace.
g - a glowing mace It sticks to your hand!
g - a cursed -3 mace (weapon)
Found a glowing whip.
You see here 17 gold pieces.
As you read the scroll labelled DAJOL FADGHEGUD, it crumbles to dust.
You speak a Word of immense power!
It was a scroll of holy word.
You aren't carrying any potions.
Unknown command.
You aren't carrying any scrolls.
Unknown command.
A giant cockroach comes into view.
Found an agate ring.
The giant cockroach closely misses you.
You hit the giant cockroach. The giant cockroach barely misses you.
The gnoll hits you from afar with a +0 spear.
* * * LOW HITPOINT WARNING * * *
The giant cockroach bites you but does no damage.

...... ..
.........## #.##
..........## ..#
...#...#...###.##
+#....###..$....#
.............#..##
.#..#.).).#..+.g.#
...##.._..##.#.#.#
....#.)...#..#.#@#
.#...........#.#B#
.##...###...##.#..
.......#.....#.#..#
.####.....##.#.#.=.
g.†.....###
.#.#.#.# #####.#.#
# #.#.. .####.#.#
#.##.# ......#.#


You could see a gnoll and a giant cockroach.

Vanquished Creatures
  A gnoll (D:2)
  An adder (D:2)
  A worm (D:2)
  A goblin (D:2)
  A quokka (D:2)
  A frilled lizard (D:2)
  A kobold (D:2)
7 creatures vanquished.

Notes
Turn   | Place    | Note
-------+----------+-------------------------------------------
     0 | Abyss:1  | iamserjio the Gnoll Abyssal Knight began the quest for the
                  | Orb.
     0 | Abyss:1  | Reached XP level 1. HP: 23/23 MP: 3/3
    50 | Abyss:2  | Noticed a vampire
    53 | Abyss:2  | Noticed a large abomination
    55 | D:1      | Escaped the Abyss
   106 | D:2      | Reached XP level 2. HP: 16/29 MP: 5/5
   135 | D:2      | Reached XP level 3. HP: 6/35 MP: 6/6
   146 | D:2      | Found an iron altar of Okawaru.
   167 | D:2      | Quit the game

Illustrated notes

Levels and vault maps discovered:
D:1:      minmay_arrival_plants_in_alcoves, layout_basic, minivault_24
D:2:      minmay_skewed_foursquare, layout_basic, ashenzari_altar_1,
          okawaru_ov_weapons_minmay

Action                   || total
-------------------------++-------
Melee: Hand axe          ||    25
       Bite              ||     2
       Mace              ||     1
Invok: Depart the Abyss  ||     1
Evoke: Lightning rod     ||     4
  Use: Scroll            ||     1
Armor: Leather armour    ||     3
Dodge: Dodged            ||    17

Table legend: (Time is in decaauts)
 A = Elapsed time spent in this place.
 B = Non-inter-level travel time spent in this place.
 C = Inter-level travel time spent in this place.
 D = Time resting spent in this place.
 E = Time spent auto-exploring this place.
 F = Levels seen in this place.
 G = Mean time per level.
                   A        B        C        D        E       F      G
               +--------+--------+--------+--------+--------+-----+--------+
         Total |    168 |    168 |      0 |      0 |      0 |   4 |   42.0 |
       Dungeon |    113 |    113 |      0 |      0 |      0 |   2 |   56.5 |
         Abyss |     55 |     55 |      0 |      0 |      0 |   2 |   27.5 |
               +--------+--------+--------+--------+--------+-----+--------+

Top non-repeatable levels by time:
     D:2: 86 daAuts
 Abyss:2: 39 daAuts
     D:1: 26 daAuts
 Abyss:1: 16 daAuts
